[Event "December 19 Late 2023"]
[Site "https://www.chess.com"]
[Date "2023.12.19"]
[Round "5"]
[White "Harrington, Steve"]
[Black "Su, Dion"]
[Result "0-1"]
[Board "137"]
[TimeControl "180+1"]
[WhiteFideId "2038730"]
[BlackFideId "2029731"]
[WhiteElo "2167"]
[BlackElo "2366"]
[WhiteTeam "USA"]
[BlackTeam "USA"]
[WhiteClock "0:00:03"]
[BlackClock "0:01:31"]

1. e4 c5 2. c3 e6 3. d4 d5 4. e5 Nc6 5. Bd3 Bd7 6. Nf3 Qb6 7. O-O cxd4 8. cxd4 Nxd4 9. Nxd4 Qxd4 10. Nc3 a6 11. Qe2 Ne7 12. Rd1 Nc6 13. Bxa6 Qxe5 14. Bxb7 Qxe2 15. Nxe2 Rb8 16. Bxc6 Bxc6 17. Nd4 Bd7 18. a4 Bc5 19. Kf1 O-O 20. f4 f6 21. Ke2 e5 22. Nf3 e4 23. Nd4 Bg4+ 24. Nf3 exf3+ 25. gxf3 Rfe8+ 26. Kf1 Bh3# 0-1

[Event "December 19 Late 2023"]
[Site "https://www.chess.com"]
[Date "2023.12.19"]
[Round "5"]
[White "Jesusesmifuerza"]
[Black "Kostiukov, Alexandr"]
[Result "1/2-1/2"]
[Board "138"]
[TimeControl "180+1"]
[BlackFideId "14108100"]
[WhiteElo "2160"]
[BlackElo "2112"]
[BlackTeam "UKR"]
[WhiteClock "0:00:45"]
[BlackClock "0:00:07"]

1. e4 c5 2. Nf3 g6 3. d4 cxd4 4. Nxd4 Bg7 5. Nc3 Nc6 6. Be3 Nf6 7. f3 O-O 8. Qd2 d5 9. O-O-O dxe4 10. Nxc6 Qxd2+ 11. Bxd2 bxc6 12. fxe4 Be6 13. h3 Rab8 14. b3 Rfd8 15. Bd3 Nh5 16. Na4 Bd4 17. Bc3 Nf4 18. Bxd4 Rxd4 19. Rhg1 Rbd8 20. Nc5 Bc8 21. Rdf1 Ne6 22. Nxe6 Bxe6 23. Rd1 c5 24. Rge1 Kg7 25. e5 R8d5 26. Bc4 Rxd1+ 27. Rxd1 Rxd1+ 28. Kxd1 Bxc4 29. bxc4 g5 30. Ke2 h5 31. Ke3 Kg6 32. Ke4 e6 33. g4 hxg4 34. hxg4 f6 35. exf6 Kxf6 36. c3 a6 37. a3 a5 38. a4 Kf7 39. Ke5 Ke7 40. Ke4 Kd6 41. Kd3 Ke5 42. Ke3 Kf6 43. Ke4 Kf7 44. Ke5 Ke7 45. Ke4 Kd6 46. Kd3 Ke5 47. Ke3 Kd6 48. Ke4 Kd7 49. Ke5 Ke7 1/2-1/2

[Event "December 19 Late 2023"]
[Site "https://www.chess.com"]
[Date "2023.12.19"]
[Round "5"]
[White "Fernandez Bustamante, Leancy B."]
[Black "Vargas Rodriguez, Wilver"]
[Result "0-1"]
[Board "139"]
[TimeControl "180+1"]
[WhiteFideId "3523870"]
[BlackFideId "3509672"]
[WhiteElo "2049"]
[BlackElo "2210"]
[WhiteTeam "CUB"]
[BlackTeam "CUB"]
[WhiteClock "0:00:20"]
[BlackClock "0:00:07"]

1. e4 c5 2. Nf3 d6 3. c3 Nf6 4. h3 g6 5. Bd3 Bg7 6. Bc2 O-O 7. O-O Nc6 8. Re1 e5 9. d4 cxd4 10. cxd4 Re8 11. d5 Nb4 12. Ba4 Bd7 13. Bxd7 Nxd7 14. Nc3 Nc5 15. Bg5 Qb6 16. a3 Nbd3 17. Re2 Nxb2 18. Qc1 Nbd3 19. Qe3 Qa5 20. Nd1 f6 21. Bh6 Bxh6 22. Qxh6 Nf4 23. Rb2 Re7 24. Ne3 Nxe4 25. Rb4 f5 26. Rab1 b6 27. Nh4 Rg7 28. Rc4 Rf8 29. g3 Nxh3+ 30. Kg2 Nhxf2 31. Rbc1 Qd2 32. R1c2 Qe1 33. Nf1 Ng4 34. Qc1 Qxc1 35. Rxc1 g5 36. Nf3 Ngf2 37. Rc7 Nd3 38. Rxg7+ Kxg7 39. Rc7+ Rf7 40. Rc6 g4 41. Nh4 Kf6 42. Ne3 Kg5 43. Nhxf5 Rxf5 44. Nxf5 Kxf5 45. Rc7 Ndc5 46. Rxh7 Nc3 47. Rxa7 Nxd5 48. Rf7+ Ke4 49. Rg7 Kd3 50. Kh2 Ne3 51. a4 Nxa4 52. Rg6 d5 53. Rg7 d4 54. Ra7 Nc5 55. Ra3+ Ke4 56. Kg1 b5 57. Kf2 b4 58. Ra5 Nd3+ 59. Ke2 b3 60. Rb5 b2 61. Rb3 Nc4 62. Rxd3 b1=Q 63. Rd2 Nxd2 64. Kxd2 Qb2+ 65. Ke1 Ke3 66. Kf1 Qf2# 0-1

[Event "December 19 Late 2023"]
[Site "https://www.chess.com"]
[Date "2023.12.19"]
[Round "5"]
[White "Chess_Star1234"]
[Black "Quirke, Jeffrey"]
[Result "1-0"]
[Board "140"]
[TimeControl "180+1"]
[BlackFideId "2013029"]
[WhiteElo "2353"]
[BlackElo "2157"]
[BlackTeam "USA"]
[WhiteClock "0:01:00"]
[BlackClock "0:00:00"]

1. d4 e6 2. c4 b6 3. Nc3 Bb4 4. Qc2 Bb7 5. a3 Bxc3+ 6. Qxc3 f5 7. Nf3 Nf6 8. g3 O-O 9. Bg2 Ne4 10. Qc2 Nc6 11. O-O a5 12. b3 Qe7 13. Bb2 Nd8 14. Rfd1 Nf7 15. Rac1 d6 16. Nd2 Nfg5 17. h4 Nxd2 18. Bxb7 Nh3+ 19. Kg2 Rab8 20. Qxd2 Rxb7 21. Kxh3 f4 22. g4 f3 23. e3 h5 24. Rg1 1-0

[Event "December 19 Late 2023"]
[Site "https://www.chess.com"]
[Date "2023.12.19"]
[Round "5"]
[White "Ardila, Oscar Humberto"]
[Black "Saim, Mohamed Ilias"]
[Result "1-0"]
[Board "141"]
[TimeControl "180+1"]
[WhiteFideId "4404742"]
[BlackFideId "7900465"]
[WhiteElo "1915"]
[BlackElo "2063"]
[WhiteTeam "COL"]
[BlackTeam "ALG"]
[WhiteClock "0:00:30"]
[BlackClock "0:00:00"]

1. d4 d5 2. c4 e6 3. Nc3 Nf6 4. Bg5 Nbd7 5. Nf3 c6 6. e3 Qa5 7. Bxf6 Nxf6 8. Nd2 Bd6 9. Qc2 O-O 10. Bd3 e5 11. dxe5 Bxe5 12. Rc1 d4 13. exd4 Bxd4 14. O-O Bg4 15. Nb3 Qd8 16. Nxd4 Qxd4 17. h3 Be6 18. Rcd1 Qh4 19. Ne4 Nh5 20. Ng3 Nxg3 21. fxg3 Qxg3 22. Bxh7+ Kh8 23. Bf5 Rad8 24. Rxd8 Rxd8 25. Bxe6 fxe6 26. Qf2 Qg5 27. Qf4 Qxf4 28. Rxf4 Rd2 29. Rf2 Rxf2 30. Kxf2 Kg8 31. Ke3 Kf7 32. Ke4 Kf6 33. h4 e5 34. g4 Ke6 35. c5 Kf6 36. g5+ Kg6 37. Kxe5 Kh5 38. Kd6 Kxh4 39. Kc7 Kxg5 40. Kxb7 Kf6 41. Kxc6 g5 42. Kd7 g4 43. c6 g3 44. c7 g2 45. c8=Q g1=Q 46. Qf8+ Ke5 47. Qd6+ Kf5 48. Qd5+ Kf6 49. Qf3+ Ke5 50. Qe2+ Kd5 51. Qd2+ Ke5 52. Qc3+ Kd5 53. Qa5+ Ke4 54. Kc6 Qc1+ 55. Qc3 1-0

[Event "December 19 Late 2023"]
[Site "https://www.chess.com"]
[Date "2023.12.19"]
[Round "5"]
[White "Sailer, Mike"]
[Black "Hoffmann, Asa"]
[Result "0-1"]
[Board "142"]
[TimeControl "180+1"]
[WhiteFideId "2012901"]
[BlackFideId "2001470"]
[WhiteElo "2109"]
[BlackElo "2117"]
[WhiteTeam "USA"]
[BlackTeam "USA"]
[WhiteClock "0:00:17"]
[BlackClock "0:01:38"]

1. d4 Nf6 2. Nc3 d6 3. Bg5 Nbd7 4. e3 e5 5. Be2 Be7 6. Nf3 c6 7. O-O Qa5 8. a3 e4 9. b4 Qf5 10. Bxf6 exf3 11. Bxg7 fxe2 12. Nxe2 Rg8 13. Bh6 Qg6 14. Nf4 Qxh6 15. d5 c5 16. bxc5 Nxc5 17. Rb1 Bg5 18. Ne2 Bg4 19. f3 Bxe3+ 20. Kh1 Bd7 21. Rb4 a5 22. Rb6 Rg5 23. Re1 Rh5 24. h3 Rxh3+ 25. gxh3 Qxh3# 0-1

[Event "December 19 Late 2023"]
[Site "https://www.chess.com"]
[Date "2023.12.19"]
[Round "5"]
[White "Biernacki, Mark"]
[Black "Novikova, Margarita"]
[Result "1-0"]
[Board "143"]
[TimeControl "180+1"]
[WhiteFideId "2082322"]
[BlackFideId "14109689"]
[WhiteElo "1965"]
[BlackElo "2090"]
[WhiteTeam "USA"]
[BlackTeam "GER"]
[WhiteClock "0:00:19"]
[BlackClock "0:00:00"]

1. e4 d5 2. exd5 Qxd5 3. Nc3 Qd6 4. d4 Nf6 5. Bd3 a6 6. Nge2 Bg4 7. h3 Bxe2 8. Bxe2 Nc6 9. Be3 O-O-O 10. O-O Nxd4 11. Bxd4 Qxd4 12. Qc1 Qh4 13. Qe3 Kb8 14. Rad1 Rc8 15. a4 e6 16. b4 Bxb4 17. Rd4 Bc5 18. Rxh4 Bxe3 19. fxe3 Rcd8 20. Rb1 Ka7 21. Bf3 c6 22. Rhb4 Rd7 23. Ne4 Nd5 24. R4b3 b6 25. c4 b5 26. axb5 cxb5 27. cxd5 exd5 28. Nc5 Rc7 29. Nd3 Rhc8 30. Bxd5 Rd8 31. Be4 g6 32. Nb4 f5 33. Nc6+ Rxc6 34. Bxc6 Kb6 35. Bxb5 axb5 36. Rxb5+ Kc6 37. R5b3 Re8 38. Rc1+ Kd5 39. Rb5+ Ke4 40. Rb4+ Kd3 41. Rc7 h5 42. Rc6 g5 43. Rc5 Rf8 44. Rbb5 f4 45. exf4 gxf4 46. Rxh5 Ke2 47. Rhf5 Ke3 48. Rxf8 f3 49. Rxf3+ 1-0

[Event "December 19 Late 2023"]
[Site "https://www.chess.com"]
[Date "2023.12.19"]
[Round "5"]
[White "Munoz Sanchez, Miguel"]
[Black "De Souza, Arthur Olintho"]
[Result "1-0"]
[Board "144"]
[TimeControl "180+1"]
[WhiteFideId "3600734"]
[BlackFideId "2116200"]
[WhiteElo "2124"]
[BlackElo "2056"]
[WhiteTeam "ECU"]
[BlackTeam "BRA"]
[WhiteClock "0:00:55"]
[BlackClock "0:01:32"]

1. d4 Nf6 2. Nf3 g6 3. g3 Bg7 4. Bg2 O-O 5. O-O d6 6. c4 Nbd7 7. Nc3 e5 8. e4 exd4 9. Nxd4 Re8 10. Re1 a6 11. b3 Qe7 12. Bb2 Nc5 13. Nd5 Nxd5 14. exd5 Qd8 15. Qd2 Nd7 16. h4 Ne5 17. h5 Bg4 18. h6 Bh8 19. f3 Bd7 20. Re2 Qf6 21. Rae1 Red8 22. Ba1 g5 23. f4 gxf4 24. gxf4 Ng4 25. Ne6 Qxh6 26. Nxd8 Qh2+ 27. Kf1 Qg3 28. Re8+ Bxe8 29. Rxe8# 1-0

[Event "December 19 Late 2023"]
[Site "https://www.chess.com"]
[Date "2023.12.19"]
[Round "5"]
[White "Stead, Kerry"]
[Black "Joel Paul Ganta"]
[Result "1-0"]
[Board "145"]
[TimeControl "180+1"]
[WhiteFideId "3202577"]
[BlackFideId "35066145"]
[WhiteElo "1997"]
[BlackElo "1891"]
[WhiteTeam "AUS"]
[BlackTeam "IND"]
[WhiteClock "0:01:27"]
[BlackClock "0:00:01"]

1. d4 Nf6 2. f3 d5 3. e4 dxe4 4. Nc3 exf3 5. Nxf3 Bg4 6. h3 Bh5 7. g4 Bg6 8. Ne5 e6 9. Qf3 Nd5 10. Nxg6 hxg6 11. Nxd5 Qxd5 12. Qxd5 exd5 13. Bd3 Bd6 14. Be3 Nd7 15. Kf2 O-O-O 16. Rae1 Rde8 17. c3 Nf6 18. Kf3 Re7 19. h4 Rhe8 20. Bf2 Ne4 21. Bxe4 Rxe4 22. Rxe4 Rxe4 23. Bg3 Kd7 24. Bxd6 Kxd6 25. h5 g5 26. h6 gxh6 27. Rxh6+ Re6 28. Rh7 a5 29. Rxf7 b6 30. Rf5 c5 31. Rxg5 Re4 32. dxc5+ bxc5 33. Rg6+ Ke7 34. Rc6 Rc4 35. g5 Kf7 36. Rd6 d4 37. cxd4 cxd4 38. Ke4 Rb4 39. Rxd4 Rxb2 40. a4 Kg6 41. Rd5 Rb4+ 42. Rd4 Rb6 43. Kf4 Rc6 44. Kg4 Rd6 45. Rxd6+ Kg7 46. Kf5 1-0

[Event "December 19 Late 2023"]
[Site "https://www.chess.com"]
[Date "2023.12.19"]
[Round "5"]
[White "Ward, Ieuan C"]
[Black "Levine, David"]
[Result "1-0"]
[Board "146"]
[TimeControl "180+1"]
[WhiteFideId "406627"]
[BlackFideId "2011611"]
[WhiteElo "2323"]
[BlackElo "2058"]
[WhiteTeam "ENG"]
[BlackTeam "USA"]
[WhiteClock "0:00:17"]
[BlackClock "0:00:00"]

1. e4 e5 2. Nf3 Nc6 3. Bc4 Nf6 4. d3 h6 5. c3 d6 6. O-O g5 7. Nbd2 Bg7 8. Re1 g4 9. Nh4 Nxe4 10. Nxe4 Qxh4 11. d4 O-O 12. b4 a6 13. a4 Bf5 14. Ng3 Bg6 15. d5 Ne7 16. Be2 f5 17. c4 f4 18. Nf1 f3 19. gxf3 gxf3 20. Bxf3 e4 21. Ra3 exf3 22. Rxf3 Rxf3 23. Qxf3 Rf8 24. Qg3 Qxg3+ 25. fxg3 Bd4+ 26. Kg2 Nf5 27. Re4 Re8 28. Rg4 Kh7 29. Rf4 Be3 30. Nxe3 Nxe3+ 31. Kf3 Bh5+ 32. Kf2 Nd1+ 33. Kf1 Nc3 34. Rh4 Bg6 35. Bxh6 Kg8 36. Rg4 Kh7 37. Rh4 Kg8 38. Rg4 Kf7 39. Bd2 Ne4 40. Be1 Nf6 41. Rf4 Re4 42. Rxe4 Nxe4 43. h4 Nf6 44. Kf2 Bd3 45. c5 Nxd5 46. cxd6 cxd6 47. g4 b5 48. axb5 axb5 49. h5 Kf6 50. Kg3 Be2 51. Bd2 Nxb4 52. Bxb4 d5 53. Kf4 1-0

[Event "December 19 Late 2023"]
[Site "https://www.chess.com"]
[Date "2023.12.19"]
[Round "5"]
[White "UnTucopalaTimba"]
[Black "Antonio, Jorge Carlos"]
[Result "1-0"]
[Board "147"]
[TimeControl "180+1"]
[BlackFideId "113190"]
[WhiteElo "2049"]
[BlackElo "2247"]
[BlackTeam "ARG"]
[WhiteClock "0:02:08"]
[BlackClock "0:02:33"]

1. e4 c5 2. Nf3 e6 3. c3 Nc6 4. d4 cxd4 5. cxd4 d5 6. e5 Nge7 7. Bd3 g6 8. O-O Nf5 9. Bxf5 gxf5 10. Nc3 a6 11. a3 Be7 12. b4 O-O 13. Bh6 Re8 14. Qd2 Kh8 15. Ng5 Bxg5 16. Bxg5 Qb6 17. Bf6+ Kg8 18. Qg5+ Kf8 19. Qg7# 1-0

[Event "December 19 Late 2023"]
[Site "https://www.chess.com"]
[Date "2023.12.19"]
[Round "5"]
[White "Egorov, Konstantin"]
[Black "Slavin, Alexey"]
[Result "1-0"]
[Board "148"]
[TimeControl "180+1"]
[WhiteFideId "24154369"]
[BlackFideId "24104388"]
[WhiteElo "1878"]
[BlackElo "2264"]
[WhiteTeam "RUS"]
[BlackTeam "RUS"]
[WhiteClock "0:00:10"]
[BlackClock "0:00:13"]

1. d4 Nc6 2. c4 e5 3. d5 Nce7 4. e4 Nf6 5. Nc3 Ng6 6. a3 Bc5 7. Be3 Bxe3 8. fxe3 d6 9. Be2 O-O 10. h3 h6 11. Nf3 Nh7 12. Qd2 f5 13. O-O-O f4 14. Kb1 a6 15. exf4 Nxf4 16. g3 Nxh3 17. Rh2 N3g5 18. Nh4 Bd7 19. Rdh1 Rf6 20. c5 Qe7 21. cxd6 cxd6 22. Qe3 Raf8 23. Qb6 Bc8 24. Bh5 Qd8 25. Qe3 Rf1+ 26. Ka2 Rxh1 27. Rxh1 Nf6 28. Bg6 Ng4 29. Qe2 Rf6 30. Bf5 h5 31. Bxc8 Qxc8 32. Nf5 g6 33. Ne7+ Kf7 34. Nxc8 Kg7 35. Nb6 Nf2 36. Rf1 Ngh3 37. Nc4 g5 38. Nxd6 Rxd6 39. Rxf2 g4 40. Rf5 Kg6 41. Qf1 Ng5 42. Rf8 Nf3 43. Qc1 Kg7 44. Rc8 Rd7 45. Na4 Rf7 46. Qc5 Nd4 47. Nb6 Nb5 48. d6 h4 49. Qxe5+ Kg6 50. Rg8+ Kh7 51. Qh8# 1-0

[Event "December 19 Late 2023"]
[Site "https://www.chess.com"]
[Date "2023.12.19"]
[Round "5"]
[White "Melamed, Daniel"]
[Black "Reinecke, Katharina"]
[Result "0-1"]
[Board "149"]
[TimeControl "180+1"]
[WhiteFideId "3229076"]
[BlackFideId "12929727"]
[WhiteElo "1908"]
[BlackElo "1761"]
[WhiteTeam "AUS"]
[BlackTeam "GER"]
[WhiteClock "0:00:00"]
[BlackClock "0:00:13"]

1. d4 d5 2. Nf3 Nf6 3. Bf4 e6 4. e3 c5 5. c3 Nc6 6. Bd3 g6 7. O-O Bg7 8. Nbd2 O-O 9. Ne5 Nxe5 10. Bxe5 b6 11. b4 c4 12. Bc2 Bb7 13. a4 Ne4 14. Bxe4 dxe4 15. Bxg7 Kxg7 16. Qe2 Rc8 17. Rfc1 Bd5 18. a5 b5 19. Kf1 a6 20. Ke1 Qc7 21. g3 Qe7 22. Kd1 Qg5 23. Kc2 Qh6 24. h4 Kg8 25. Rh1 Qg7 26. h5 g5 27. h6 Qg6 28. g4 f6 29. Rag1 Rf7 30. Nf1 Kh8 31. Ng3 Qg8 32. Qf1 Qf8 33. Qh3 Qe7 34. Rh2 Rg8 35. Nh5 f5 36. gxf5 exf5 37. Ng7 Be6 38. Qh5 f4 39. Nxe6 Qxe6 40. Rxg5 fxe3 41. Rxg8+ Kxg8 42. fxe3 Qg6 43. Qxg6+ hxg6 44. Kd2 Kh7 45. Rh4 Rf3 46. Rxe4 Kxh6 47. Re6 Rf2+ 48. Ke1 Rc2 49. Rxa6 Rxc3 50. Rb6 Rb3 51. Rxb5 Rxe3+ 52. Kd2 Ra3 53. d5 g5 54. Rb6+ Kh5 55. a6 g4 56. b5 g3 57. Rb8 Kg4 58. Rg8+ Kf3 59. Kc2 g2 0-1

[Event "December 19 Late 2023"]
[Site "https://www.chess.com"]
[Date "2023.12.19"]
[Round "5"]
[White "Gumugama"]
[Black "Zhukov, Maksim"]
[Result "0-1"]
[Board "150"]
[TimeControl "180+1"]
[BlackFideId "34181790"]
[WhiteElo "2201"]
[BlackElo "1925"]
[BlackTeam "RUS"]
[WhiteClock "0:00:00"]
[BlackClock "0:01:24"]

1. e4 c5 2. Nf3 e6 3. d4 cxd4 4. Nxd4 a6 5. Bd3 Bc5 6. Nb3 Ba7 7. Qe2 Nc6 8. Be3 Bxe3 9. Qxe3 d6 10. c4 Nf6 11. Nc3 O-O 12. O-O h6 13. Rac1 Ne5 14. h3 Nxd3 15. Qxd3 Qe7 16. Rfd1 Rd8 17. e5 Ne8 18. Ne4 d5 19. c5 Bd7 20. Nd6 Bc6 21. Nd4 Qg5 22. Qe2 Nxd6 23. cxd6 Rac8 24. Rc3 Bb5 25. Nxb5 axb5 26. Rxc8 Rxc8 27. Qxb5 Qxe5 28. Qxb7 Rd8 29. d7 Qd6 30. Qc8 Qxd7 31. Qxd7 Rxd7 32. Kf1 Ra7 33. a3 Kf8 34. Rc1 Ke7 35. Ke2 Kd6 36. Kd3 e5 37. f3 f5 38. Rc8 Rb7 39. b4 Ra7 40. Rc3 d4 41. Rb3 Kd5 42. b5 e4+ 43. fxe4+ fxe4+ 44. Kd2 Kc4 45. Rb4+ Kc5 46. b6 Rb7 47. Ra4 Rxb6 48. Ra7 Rb2+ 0-1

[Event "December 19 Late 2023"]
[Site "https://www.chess.com"]
[Date "2023.12.19"]
[Round "5"]
[White "Porat, Tori"]
[Black "Kniazev, Igor"]
[Result "1-0"]
[Board "152"]
[TimeControl "180+1"]
[WhiteFideId "30982626"]
[BlackFideId "4136349"]
[WhiteElo "1693"]
[BlackElo "1853"]
[WhiteTeam "USA"]
[BlackTeam "RUS"]
[WhiteClock "0:01:39"]
[BlackClock "0:00:25"]

1. d4 Nf6 2. c4 c5 3. d5 b5 4. cxb5 a6 5. bxa6 Bxa6 6. Nc3 g6 7. Nf3 Bg7 8. e4 Bxf1 9. Kxf1 O-O 10. g3 d6 11. Kg2 Ng4 12. h3 Ne5 13. Bf4 Nxf3 14. Qxf3 Qb6 15. Rab1 Nd7 16. h4 Ne5 17. Bxe5 Bxe5 18. h5 f5 19. hxg6 hxg6 20. Rh6 Bxc3 21. Qxc3 fxe4 22. Rbh1 e5 23. dxe6 Rxf2+ 24. Kxf2 c4+ 25. Kg2 1-0

[Event "December 19 Late 2023"]
[Site "https://www.chess.com"]
[Date "2023.12.19"]
[Round "5"]
[White "Huang, Youhe"]
[Black "Vila Dupla, Aurelio"]
[Result "1-0"]
[Board "153"]
[TimeControl "180+1"]
[WhiteFideId "2629445"]
[BlackFideId "2203383"]
[WhiteElo "2006"]
[BlackElo "2009"]
[WhiteTeam "CAN"]
[BlackTeam "ESP"]
[WhiteClock "0:00:17"]
[BlackClock "0:00:00"]

1. e4 c5 2. Nc3 d6 3. Nf3 Nc6 4. Bb5 Bd7 5. O-O e5 6. a3 Nf6 7. d3 Be7 8. h3 O-O 9. Rb1 a6 10. Bxc6 Bxc6 11. b4 b6 12. Re1 Qc7 13. Nh2 Bb7 14. Ng4 cxb4 15. Nxf6+ Bxf6 16. Ne2 bxa3 17. Bxa3 b5 18. Ng3 g6 19. Re3 Rac8 20. c4 Bg5 21. Rf3 Bc6 22. Nf5 gxf5 23. Rg3 fxe4 24. Rxg5+ Kh8 25. dxe4 Bxe4 26. Bxd6 Qxc4 27. Bxe5+ f6 28. Qd6 Qf7 29. Rb4 Bg6 30. Rf4 1-0

[Event "December 19 Late 2023"]
[Site "https://www.chess.com"]
[Date "2023.12.19"]
[Round "5"]
[White "Guevara Sanchez, Erick Marvin"]
[Black "Kubatko, Ivan"]
[Result "0-1"]
[Board "154"]
[TimeControl "180+1"]
[WhiteFideId "6700136"]
[BlackFideId "24111473"]
[WhiteElo "2040"]
[BlackElo "2285"]
[WhiteTeam "ESA"]
[BlackTeam "RUS"]
[WhiteClock "0:00:00"]
[BlackClock "0:00:07"]

1. e4 d5 2. exd5 Qxd5 3. Nc3 Qa5 4. d4 Nf6 5. Bd2 c6 6. Bc4 Bf5 7. Nd5 Qd8 8. Nxf6+ gxf6 9. Ne2 e6 10. Be3 Nd7 11. Ng3 Bg6 12. Qe2 Qa5+ 13. c3 Bd6 14. O-O h5 15. Bd2 h4 16. Ne4 Bxe4 17. Qxe4 f5 18. Qe2 O-O-O 19. h3 Qc7 20. b4 Nb6 21. Bb3 Bf4 22. Be3 Rhg8 23. Kh1 Rg6 24. Qf3 Bd6 25. a4 Rdg8 26. Rg1 Bh2 27. Rgf1 Rxg2 28. Qxg2 Rxg2 29. Kxg2 Bf4 30. Rfe1 Nd7 31. Kf3 Bxe3 32. Rxe3 Nf6 33. Rg1 Qe7 34. Rg7 Qf8 35. Rg2 Kd7 36. Re1 Qh6 37. Re3 Qh5+ 38. Kf4 Qh6+ 39. Kf3 Ne4 40. Bd1 Qh5+ 41. Kf4 Qxd1 42. Rg7 Ke7 43. Rg2 Qd2 44. Kf3 Nxc3 0-1

[Event "December 19 Late 2023"]
[Site "https://www.chess.com"]
[Date "2023.12.19"]
[Round "5"]
[White "Malek, Omid"]
[Black "Guzman Lozano, Campo Elias"]
[Result "1-0"]
[Board "155"]
[TimeControl "180+1"]
[WhiteFideId "2605384"]
[BlackFideId "4403746"]
[WhiteElo "2013"]
[BlackElo "2099"]
[WhiteTeam "CAN"]
[BlackTeam "COL"]
[WhiteClock "0:00:05"]
[BlackClock "0:00:00"]

1. d4 Nf6 2. Bf4 d6 3. Nf3 g6 4. Nc3 Bg7 5. e4 O-O 6. Qd2 Re8 7. Bh6 Bh8 8. O-O-O c6 9. h4 b5 10. h5 b4 11. hxg6 hxg6 12. Ne2 Nxe4 13. Qe3 d5 14. Bf8 Bg7 15. Bxg7 Kxg7 16. Qh6+ Kf6 17. Nf4 Bf5 18. Qh4+ Kg7 19. Qh6+ Kf6 20. Bd3 Nd7 21. Bxe4 dxe4 22. Qg5+ Kg7 23. Rh7+ Kxh7 24. Rh1+ Kg7 25. Qh6+ Kf6 26. g4 e5 27. gxf5 exf4 28. fxg6 fxg6 29. Qxf4+ Kg7 30. Qh6+ Kf6 31. Qf4+ Kg7 32. Ng5 Qf6 33. Rh7+ Kg8 34. Qh4 Qxg5+ 35. Qxg5 Kxh7 36. Qh4+ Kg7 37. Qh3 Nf6 38. c3 bxc3 39. bxc3 Re7 40. Qg3 Rae8 41. Qd6 e3 42. fxe3 Rxe3 43. Qxc6 Re1+ 44. Kc2 R8e2+ 45. Kb3 Ne4 46. Qd7+ Kh6 47. Qh3+ Kg5 48. Kc4 Nd2+ 49. Kc5 Kf4 50. Qh4+ Kf5 51. d5 Ne4+ 52. Kc6 Rf2 53. Qh3+ Kf4 54. c4 g5 55. Qc8 g4 56. d6 Nxd6 57. Kxd6 g3 58. Qf8+ Ke3 59. Qh6+ Ke2 60. Qe6+ Kf1 61. Qh3+ g2 62. c5 Rd2+ 63. Kc6 Red1 64. Kb7 Rd7+ 65. Kc6 1-0

[Event "December 19 Late 2023"]
[Site "https://www.chess.com"]
[Date "2023.12.19"]
[Round "5"]
[White "Oliveira, Tiago Batista"]
[Black "Gerbelli Neto, Eduardo"]
[Result "0-1"]
[Board "156"]
[TimeControl "180+1"]
[WhiteFideId "2108291"]
[BlackFideId "2103281"]
[WhiteElo "1962"]
[BlackElo "2178"]
[WhiteTeam "BRA"]
[BlackTeam "BRA"]
[WhiteClock "0:00:00"]
[BlackClock "0:00:18"]

1. d4 d5 2. c4 c6 3. g3 Nf6 4. Bg2 e6 5. Nf3 dxc4 6. Ne5 Bb4+ 7. Nc3 Nd5 8. Qc2 Nxc3 9. bxc3 Qxd4 10. O-O Qxc3 11. Qe4 Nd7 12. Bf4 f5 13. Qb1 Nxe5 14. Bxe5 Qxe5 15. Qxb4 a5 16. Qa3 Bd7 17. Rad1 b5 18. Rd2 b4 19. Qf3 Rd8 20. Rfd1 Ke7 21. Rxd7+ Rxd7 22. Rxd7+ Kxd7 23. Qxc6+ Ke7 24. f4 Qxe2 25. Qc7+ Kf6 0-1

[Event "December 19 Late 2023"]
[Site "https://www.chess.com"]
[Date "2023.12.19"]
[Round "5"]
[White "Kappeler, Kaspar"]
[Black "Ghosh, Chanchal Kumer"]
[Result "1-0"]
[Board "157"]
[TimeControl "180+1"]
[WhiteFideId "1309072"]
[BlackFideId "10201858"]
[WhiteElo "2192"]
[BlackElo "2067"]
[WhiteTeam "SUI"]
[BlackTeam "BAN"]
[WhiteClock "0:00:19"]
[BlackClock "0:00:00"]

1. c4 d6 2. g3 Nf6 3. Bg2 e5 4. Nc3 Be7 5. Nf3 O-O 6. O-O h6 7. d4 exd4 8. Nxd4 a6 9. b3 Re8 10. Bb2 c6 11. Qd2 Bg4 12. h3 Bd7 13. Rad1 Qc7 14. Rfe1 Bc8 15. e4 Bf8 16. a4 Nbd7 17. Nf5 Nc5 18. Qc2 Bxf5 19. exf5 Rxe1+ 20. Rxe1 Re8 21. Rxe8 Nxe8 22. b4 Nd7 23. Ne4 d5 24. cxd5 cxd5 25. Qxc7 Nxc7 26. Nc3 Nf6 27. b5 axb5 28. axb5 Bc5 29. Na4 Be7 30. b6 Na6 31. Bxf6 Bxf6 32. Bxd5 Nb8 33. Bxb7 Bd4 34. Bd5 Kf8 35. Kf1 Ke7 36. Ke2 f6 37. f3 Kd6 38. Be4 Nd7 39. b7 Kc7 40. Kd3 Bf2 41. g4 Nb8 42. Kc4 1-0

[Event "December 19 Late 2023"]
[Site "https://www.chess.com"]
[Date "2023.12.19"]
[Round "5"]
[White "Nasybullina, Alfia"]
[Black "Gulamirian, Korun"]
[Result "1-0"]
[Board "158"]
[TimeControl "180+1"]
[WhiteFideId "4132416"]
[BlackFideId "4144899"]
[WhiteElo "1920"]
[BlackElo "1621"]
[WhiteTeam "KAZ"]
[BlackTeam "RUS"]
[WhiteClock "0:01:55"]
[BlackClock "0:00:00"]

1. d4 Nf6 2. Nf3 g6 3. Bg5 Bg7 4. Nbd2 O-O 5. e4 d6 6. Bd3 Bg4 7. O-O Nbd7 8. h3 Bxf3 9. Nxf3 c5 10. c3 cxd4 11. cxd4 Qb6 12. Qe2 Rfe8 13. Rac1 h6 14. Be3 d5 15. e5 Nh7 16. Qd2 h5 17. Bh6 e6 18. Bxg7 Kxg7 19. Rfd1 Rac8 20. Bb1 Rc4 21. b3 Rc7 22. Rxc7 Qxc7 23. Rc1 Qb6 24. g4 hxg4 25. hxg4 f5 26. exf6+ Ndxf6 27. Ne5 Ne4 28. Bxe4 dxe4 29. Qe3 Rd8 30. Qxe4 Nf8 31. Rc4 Rd5 32. g5 Qa6 33. a4 Qd6 34. f4 a6 35. Ng4 b5 36. axb5 axb5 37. Rc8 Rxd4 38. Qb7+ Qd7 39. Qb8 Rd1+ 40. Kg2 Qd2+ 41. Nf2 Qd5+ 42. Kh2 1-0

[Event "December 19 Late 2023"]
[Site "https://www.chess.com"]
[Date "2023.12.19"]
[Round "5"]
[White "Martynenko, Ivan"]
[Black "Desideri, Ricardo Maruchi"]
[Result "1-0"]
[Board "159"]
[TimeControl "180+1"]
[WhiteFideId "2053179"]
[BlackFideId "2110440"]
[WhiteElo "2262"]
[BlackElo "1945"]
[WhiteTeam "USA"]
[BlackTeam "BRA"]
[WhiteClock "0:00:20"]
[BlackClock "0:00:59"]

1. e4 c5 2. Nf3 d6 3. d4 cxd4 4. Nxd4 Nf6 5. Nc3 a6 6. Bg5 Nbd7 7. f4 h6 8. Bxf6 Nxf6 9. Qf3 e6 10. O-O-O Qc7 11. g4 Be7 12. h4 b5 13. g5 hxg5 14. hxg5 Rxh1 15. Qxh1 Ng8 16. Qh8 Kf8 17. Bh3 Bd7 18. g6 Bf6 19. gxf7 Kxf7 20. Qh5+ Ke7 21. f5 b4 22. fxe6 Bxe6 23. Bxe6 bxc3 24. Qf7+ Kd8 25. Qxg8+ Ke7 26. Nf5# 1-0

[Event "December 19 Late 2023"]
[Site "https://www.chess.com"]
[Date "2023.12.19"]
[Round "5"]
[White "De Souza, Cristiano Gomes"]
[Black "Chiquitita23"]
[Result "1-0"]
[Board "160"]
[TimeControl "180+1"]
[WhiteFideId "2151758"]
[WhiteElo "2068"]
[BlackElo "1931"]
[WhiteTeam "BRA"]
[WhiteClock "0:00:44"]
[BlackClock "0:00:00"]

1. d4 Nf6 2. c4 e6 3. Nf3 d5 4. Nc3 Be7 5. Bg5 h6 6. Bh4 dxc4 7. e3 c5 8. Bxc4 cxd4 9. Bb5+ Bd7 10. Nxd4 O-O 11. O-O Bxb5 12. Ndxb5 Nc6 13. Qe2 Nd5 14. Bxe7 Qxe7 15. Nxd5 exd5 16. Rfd1 Rfd8 17. Nd4 Rac8 18. Rd2 Ne5 19. b3 a6 20. Rad1 b5 21. h3 Rc7 22. Nf5 Qe6 23. Ng3 Nc6 24. Qf3 Rcd7 25. Qf5 d4 26. Qxe6 fxe6 27. Ne4 dxe3 28. fxe3 Rxd2 29. Rxd2 Rxd2 30. Nxd2 Nb4 31. Ne4 Nxa2 32. Nc5 a5 33. Nxe6 Nc1 34. Nd4 a4 35. bxa4 bxa4 36. Nc2 Kf7 37. Kf2 Ke6 38. Ke1 Nd3+ 39. Kd2 Nb2 40. Kc3 Nd1+ 41. Kd2 Nb2 42. Na3 Kd5 43. Kc2 Nc4 44. Nxc4 Kxc4 45. e4 1-0